 Dungeon Crawl Stone Soup version 0.30-a0-782-ge64f9170bb (webtiles) character file.

Game seed: 8208084285760685711

1593 Dirtsage the Cleaver (level 8, -2/52 (58) HPs)
             Began as a Demonspawn Fighter on Mar 13, 2023.
             Was a Follower of Makhleb.
             Slain by a wight
             ... wielding a +0 flail
              (7 damage)
             ... on level 6 of the Dungeon.
             The game lasted 00:07:38 (4373 turns).

Dirtsage the Cleaver (Demonspawn Fighter)           Turns: 4373, Time: 00:07:39

HP:   -2/52 (58)    AC:  7    Str: 18    XL:     8   Next: 62%
MP:   8/8           EV: 10    Int: 10    God:    Makhleb [*.....]
Gold: 342           SH:  4    Dex: 13    Spells: 7/7 levels left

rFire   . . .      SeeInvis .    a - +0 war axe
rCold   + . .      Faith    .    c - +0 buckler
rNeg    . . .      Spirit   .    v - +1 ring mail "Zegonoba" {Rampage rC+ Stlth+}
rPois   .          Reflect  .    (helmet unavailable)
rElec   .          Harm     .    n - scarf {repulsion}
rCorr   .          Rampage  +    h - +0 pair of gloves
Will    +....                    (no boots)
Stlth   ++                       r - amulet of regeneration
HPRegen 1.08/turn                D - ring of willpower
MPRegen 0.11/turn                (no ring)

@: heavily drained, repel missiles
A: horns 3, demonic guardian 1, foul stench 1
a: Renounce Religion


You were on level 6 of the Dungeon.
You worshipped Makhleb.
Makhleb was aware of your devotion.
You visited 2 branches of the dungeon, and saw 8 of its levels.

You collected 378 gold pieces.
You spent 36 gold pieces at shops.

Inventory:

Hand Weapons
 a - a +0 war axe (weapon)
Missiles
 u - a throwing net (quivered)
Armour
 b - a +0 scale mail
 c - a +0 buckler (worn)
 h - a +0 pair of gloves (worn)
 n - a scarf of repulsion (worn)
 p - a +2 kite shield
 v - the +1 ring mail "Zegonoba" (worn) {Rampage rC+ Stlth+}
   (You found it on level 4 of the Dungeon)

   rC:        It protects you from cold.
   Rampage:   It bestows one free step when moving towards enemies.
   Stlth:     It makes you more stealthy.
Magical Staves
 f - a staff of earth
Jewellery
 r - an amulet of regeneration (around neck)
 B - an amulet of magic regeneration
 D - a ring of willpower (left hand)
Wands
 z - a wand of quicksilver (11)
Scrolls
 e - 4 scrolls of fog {unknown}
 i - 3 scrolls of identify {unknown}
 j - 3 scrolls of fear {unknown}
 k - 3 scrolls of blinking {unknown}
 l - 2 scrolls of immolation {unknown}
 m - 3 scrolls of enchant weapon {unknown}
 o - a scroll of poison {unknown}
 s - a scroll of magic mapping {unknown}
 w - a scroll of enchant armour {unknown}
 y - 4 scrolls of teleportation {unknown}
 C - a scroll of silence {unknown}
Potions
 d - 5 potions of might
 g - 4 potions of degeneration {unknown}
 q - 4 potions of curing
 t - 2 potions of ambrosia {unknown}
 x - a potion of resistance {unknown}
 A - 2 potions of heal wounds {unknown}


   Skills:
 + Level 3.3 Fighting
 * Level 10.0 Axes
 - Level 2.6 Armour
 + Level 3.0 Shields


You had 7 spell levels left.
You didn't know any spells.
Your spell library contained the following spells:

 Spells                   Type           Power      Damage    Failure   Level
 Ozocubu's Armour         Ice            0%         N/A       95%         3
 Ozocubu's Refrigeration  Ice            0%         4d7       100%        7


Dungeon Overview and Level Annotations

Branches:
Dungeon (7/15)             Temple (1/1) D:5

Altars:
Dithmenos
Gozag
Kikubaaqudgha
Makhleb
Nemelex Xobeh
Okawaru
Qazlal
Trog
Uskayaw
Wu Jian
Xom
Yredelemnul

Shops:
D:1 [   D:3 [*

Annotations:
Temple 2 transporters


Innate Abilities, Weirdness & Mutations

You have a pair of large horns on your head.
A weak demonic guardian rushes to your aid.
You may rarely emit foul miasma when damaged in melee.


Message History

You feel drained. You block the wight's attack.
The wight hits you with a +0 flail.
* * * LOW HITPOINT WARNING * * *
You feel drained.
* * * LOW HITPOINT WARNING * * *
You take 6 damage, and have 15/52 hp.
You hit the wight.
You destroy the wight!
Makhleb accepts your kill.
You hit the wight. You barely miss the wight.
You feel sick.
You are no longer poisoned.
The wight hits you but does no damage. The wight misses you.
Your Axes skill increases to level 10!
Your Shields skill increases to level 3!
You hit the wight but do no damage.
You headbutt the wight, but do no damage.
The wight is severely damaged.
You hit the wight.
The wight hits you with a +3 dagger of freezing.
* * * LOW HITPOINT WARNING * * *
The wight barely misses you.
You take 2 damage, and have 13/54 hp.
You barely miss the wight.
The wight is severely damaged.
You hit the wight but do no damage.
The wight hits you with a +3 dagger of freezing.
* * * LOW HITPOINT WARNING * * *
You feel drained. The wight closely misses you.
You take 1 damage, and have 12/53 hp.
You closely miss the wight. You headbutt the wight.
The wight is severely damaged.
You hit the wight.
The wight hits you with a +3 dagger of freezing.
* * * LOW HITPOINT WARNING * * *
You feel drained.
* * * LOW HITPOINT WARNING * * *
The wight freezes you.
* * * LOW HITPOINT WARNING * * *
The wight hits you with a +0 flail!
You die...

..#.#.####.# # ..#...# #.#
#############
..###.####.##########............
.........................########
...##.####.##########.##.########
...#...#...........>#.#..........
...#...#.#.######.....#..########
...#...#.#.....†.z.<..#..#
...#...#.#......@.#...#..#######
...#............)z...).........#
...#####.#..#.#.#.#.##########.#
....................#...#.# #.#
.#.#####................#.####.#
##.############.#.###.###......#
.............................###
######.....####'#.###.###..#[#
#.....##......##.###..#.#


You could see 2 wights.

Vanquished Creatures
  2 water moccasins
  An ice beast (D:5)
  A sky beast (D:6)
  An ogre (D:5)
  A centaur (D:5)
  A phantom (D:5)
  2 necrophages (D:6)
  3 scorpions
  A wight (D:6)
  4 hounds
  3 orc priests (D:5)
  2 orc wizards
  5 iguanas
  4 gnolls
  6 adders
  A shadow imp (D:6)
  2 worms
  A dart slug (D:3)
  16 orcs
  8 endoplasms
  A giant cockroach (D:1)
  7 goblins
  6 hobgoblins (D:1)
  4 jackals (D:5)
  2 quokkas
  10 ball pythons
  4 bats
  7 kobolds
  5 rats
111 creatures vanquished.

Vanquished Creatures (collateral kills)
  An orc wizard (D:4)
  A gnoll (D:4)
2 creatures vanquished.

Vanquished Creatures (others)
  2 plants (D:2)
2 creatures vanquished.

Grand Total: 115 creatures vanquished

Notes
Turn   | Place    | Note
-------+----------+-------------------------------------------
     0 | D:1      | Dirtsage the Demonspawn Fighter began the quest for the
                  | Orb.
     0 | D:1      | Reached XP level 1. HP: 18/18 MP: 1/1
    37 | D:1      | Reached skill level 2 in Axes
    37 | D:1      | Gained mutation: You have a pair of small horns on your
                  | head. [demonic ancestry]
    37 | D:1      | Reached XP level 2. HP: 20/24 MP: 2/2
   133 | D:1      | Reached skill level 3 in Axes
   256 | D:1      | Gained mutation: You may rarely emit foul miasma when
                  | damaged in melee. [demonic ancestry]
   256 | D:1      | Reached XP level 3. HP: 28/29 MP: 3/3
   394 | D:1      | Found Carupu's Armour Shoppe.
  1143 | D:2      | Found a faded altar of an unknown god.
  1394 | D:3      | Found Eguahide's Magic Scroll Shoppe.
  1486 | D:3      | Reached skill level 4 in Axes
  1486 | D:3      | Gained mutation: A weak demonic guardian rushes to your
                  | aid. [demonic ancestry]
  1486 | D:3      | Reached XP level 4. HP: 35/35 MP: 4/4
  1718 | D:3      | Found Mat Jagh's Antique Armour Shop.
  1857 | D:3      | Found Pila's General Store.
  1865 | D:3      | Bought a potion of curing for 36 gold pieces
  2127 | D:4      | Gained mutation: You have a pair of horns on your head.
                  | [demonic ancestry]
  2127 | D:4      | Reached XP level 5. HP: 22/41 MP: 5/5
  2136 | D:4      | Reached skill level 5 in Axes
  2462 | D:4      | Found an ancient bone altar of Kikubaaqudgha.
  2579 | D:4      | Identified the +1 ring mail "Zegonoba" {Rampage rC+ Stlth+}
  2600 | D:4      | Reached XP level 6. HP: 47/47 MP: 6/6
  2879 | D:5      | Entered Level 5 of the Dungeon
  2879 | D:5      | Noticed an ice beast
  2891 | D:5      | Killed an ice beast
  2892 | D:5      | Reached skill level 6 in Axes
  2940 | D:5      | Found a staircase to the Ecumenical Temple.
  2947 | Temple   | Entered the Ecumenical Temple
  2947 | Temple   | Found a transporter.
  2947 | Temple   | Found a transporter.
  2949 | Temple   | Found a transporter.
  2949 | Temple   | Found a transporter.
  2961 | Temple   | Became a worshipper of Makhleb the Destroyer
  3029 | D:5      | Reached skill level 7 in Axes
  3029 | D:5      | Reached XP level 7. HP: 52/52 MP: 7/7
  3107 | D:5      | Identified the +12 mace "Qeor" {drain, Fragile rPois MP+9}
  3171 | D:5      | Reached skill level 8 in Axes
  3222 | D:5      | HP: 1/52 [ogre/+0 giant club (21)]
  3224 | D:5      | Reached * piety under Makhleb
  3330 | D:5      | Found a stormy altar of Qazlal.
  3526 | D:6      | Gained mutation: You have a pair of large horns on your
                  | head. [demonic ancestry]
  3526 | D:6      | Reached XP level 8. HP: 53/58 MP: 8/8
  3606 | D:6      | Reached skill level 9 in Axes
  3694 | D:6      | Found a basalt altar of Yredelemnul.
  4371 | D:6      | Reached skill level 10 in Axes
  4373 | D:6      | Slain by a wight

Illustrated notes

Levels and vault maps discovered:
D:1:      saegor_arrival_simple_d, layout_loops_ring, serial_shops,
          nicolae_diamond_shop
D:2:      layout_rooms, basic_ecumenical_altar, chequers_jeans,
          serial_bayou_pond_b
D:3:      minmay_recursive_quarters, layout_basic, serial_shops, shop,
          nicolae_shop_advertising_works [nicolae_subvault_shop_adworks], shop,
          minmay_misc_feat_ornament, kennysheep_cluttered_room
D:4:      layout_basic, amcnicky_altar_gilded
D:5:      layout_gridville, grunt_qazlal_sundering, minmay_temple_entry_statues
D:6:      layout_basic, lemuel_coloured_pillars_altar, grunt_decor_one_mirror
D:7:      layout_basic, uniq_joseph
Temple:   hellmonk_temple_divided_pantheon

Skill      XL: |  1  2  3  4  5  6  7  8 |
---------------+-------------------------+-----
Axes           | 2 3 4 5 7 8 10 | 10.0
Shields        | 3 |  3.0
Fighting       | |  3.3
Armour         | |  2.6

Action                     |  1- 3 |  4- 6 |  7- 9 || total
---------------------------+-------+-------+-------++-------
  Melee: War axe           |    86 |   101 |   108 ||   295
         Headbutt          |     7 |    21 |    19 ||    47
   Stab: Sleeping          |       |     2 |     4 ||     6
 Armour: Scale mail        |    35 |    34 |       ||    69
         Ring mail         |       |     6 |    43 ||    49
  Dodge: Dodged            |    34 |    55 |    47 ||   136
         Repelled          |       |     2 |       ||     2
  Block: Buckler           |    19 |    25 |    23 ||    67

Table legend: (Time is in decaauts)
 A = Elapsed time spent in this place.
 B = Non-inter-level travel time spent in this place.
 C = Inter-level travel time spent in this place.
 D = Time resting spent in this place.
 E = Time spent auto-exploring this place.
 F = Levels seen in this place.
 G = Mean time per level.
                   A        B        C        D        E       F      G
               +--------+--------+--------+--------+--------+-----+--------+
         Total |   4448 |   4269 |    179 |      0 |   3521 |   8 |  556.0 |
       Dungeon |   4420 |   4250 |    170 |      0 |   3518 |   7 |  631.4 |
        Temple |     27 |     18 |      9 |      0 |      3 |   1 |   27.0 |
               +--------+--------+--------+--------+--------+-----+--------+

Top non-repeatable levels by time:
     D:4: 858 daAuts
     D:6: 857 daAuts
     D:1: 839 daAuts
     D:3: 807 daAuts
     D:5: 619 daAuts
     D:2: 431 daAuts
  Temple: 27 daAuts
     D:7: 5 daAuts
